 Dungeon Sprint DCSS version 0.20.1-1-g8b1a95d (webtiles) character file.

5400000 JustSomeDude the Axe Maniac (level 27, -18/273 HPs)
             Began as a Hill Orc Gladiator on Aug 30, 2017.
             Was the Champion of Makhleb.
             Demolished by The Servant
             ... wielding a +9 glaive of flaming
              (152 damage)
             ... in the Dungeon (Sprint VIII: "Arena of Blood").
             The game lasted 00:02:36 (54 turns).

JustSomeDude the Axe Maniac (Hill Orc Gladiator)      Turns: 54, Time: 00:02:36

Health: -18/273    AC:  8    Str: 22    XL:     27
Magic:  26/54      EV: 34    Int:  8    God:    Makhleb [******]
Gold:   0          SH:  0    Dex: 20    Spells: 80/80 levels left

rFire    . . .     SeeInvis .   l - +∞ Axe of Woe
rCold    . . .     Gourm    .   (shield currently unavailable)
rNeg     . . .     Faith    .   b - +0 leather armour
rPois    .         Spirit   .   c - +0 helmet
rElec    .         Reflect  .   (no cloak)
rCorr    .         Harm     .   (no gloves)
MR       ++...     NoTele   +   (no boots)
Stlth    +++++++++.             (no amulet)
Regen    0.6/turn               (no ring)
MPRegen  0.4/turn               (no ring)

@: no status effects
A: no striking features
a: Minor Destruction, Lesser Servant of Makhleb, Major Destruction, Greater
Servant of Makhleb, Renounce Religion


You were in the Dungeon.
You worshipped Makhleb.
Makhleb was exalted by your worship.
You were not hungry.

You visited 1 branch

Inventory:

Hand Weapons
 a - a +0 war axe
 l - the +∞ Axe of Woe (weapon)
   (You found it in the Dungeon)
Missiles
 d - 3 throwing nets (quivered)
Armour
 b - a +0 leather armour (worn)
 c - a +0 helmet (worn)
Scrolls
 k - a scroll of blinking
Potions
 e - a potion of curing
 g - a potion of heal wounds
 h - a potion of haste
 i - 2 potions of magic
 j - a potion of berserk rage
Comestibles
 f - a bread ration


   Skills:
 O Level 27 Fighting
 O Level 27 Axes
 O Level 27 Throwing
 O Level 27 Armour
 O Level 27 Dodging
 O Level 27 Stealth
 O Level 27 Unarmed Combat
 O Level 27 Spellcasting
 O Level 27 Invocations


You had 80 spell levels left.
You didn't know any spells.

Dungeon Overview and Level Annotations

Branches:
Dungeon (1/1)

Altars:
Makhleb

Annotations:
D The Servant


Message History

Something smites you!
You hear a shout! x2
The sculptor of flesh is engulfed in blazing flames.
The destroyer blinks!
You hear a shout! 2 orcs and an ogre come into view.
The bag of meat shouts! x2
You slice the sculptor of flesh!!
You chop the sculptor of flesh into pieces.
You destroy the sculptor of flesh!
Makhleb accepts your kill.
You are engulfed in blazing flames.
You hear a shout! x2
The destroyer blinks!
The accursed points at you and mumbles some strange words.
Something smites you!
You hear a shout! x2
The Servant hits you from afar with a +9 glaive of flaming!!!!!
Ouch! That really hurt!
You die...

...# .........
###...#.........
##......#%...........
.%.........Dz........
..#.§................
..V#........#.......#
......#§V§)%#.......#
...#.@§§§§###%......###.
.....M§@§§)....###......
......)#)§)%)..._......
.....#.§§§§)%#.....#.
###..O..§%...#_.<._#
...o#.....%.#.....#
oo.....#.....%.._......
. O............###O.....
.....O...###.§. ..###.
....... #...O ..#


You could see an accursed, The Servant, an eight-headed meat hydra, 2
destroyers, a sculptor of flesh, 3 meat berserkers and 3 bags of meat.

Vanquished Creatures
  8 vampire knights (D)
  14 ogres (D)
  6 two-headed ogres (D)
  70 orcs (D)
  A skeletal warrior (D)
  7 large abominations (D)
  4 small abominations (D)
  2 crawling corpses (D)
112 creatures vanquished.

Vanquished Creatures (others)
  2 crawling corpses (D)
2 creatures vanquished.

Grand Total: 114 creatures vanquished

Notes
Turn   | Place    | Note
-------+----------+-------------------------------------------
     0 | D        | JustSomeDude the Hill Orc Gladiator began the quest for the Orb.
     0 | D        | Reached XP level 1. HP: 18/18 MP: 1/1
     3 | D        | Noticed a bag of meat
     4 | D        | Became a worshipper of Makhleb the Destroyer
     5 | D        | Noticed a meat berserker
     6 | D        | Noticed a bag of meat
     6 | D        | Noticed a bag of meat
     6 | D        | Noticed a bag of meat
     6 | D        | Noticed a bag of meat
     9 | D        | Killed a bag of meat
     9 | D        | Reached skill level 15 in Dodging
     9 | D        | Reached XP level 2. HP: 40/40 MP: 2/2
     9 | D        | Reached XP level 3. HP: 47/47 MP: 3/3
     9 | D        | Reached XP level 4. HP: 55/55 MP: 4/4
     9 | D        | Reached XP level 5. HP: 61/61 MP: 5/5
     9 | D        | Reached XP level 6. HP: 68/68 MP: 6/6
     9 | D        | Reached XP level 7. HP: 74/74 MP: 7/7
     9 | D        | Reached XP level 8. HP: 82/82 MP: 8/8
     9 | D        | Reached XP level 9. HP: 89/89 MP: 9/9
     9 | D        | Reached XP level 10. HP: 96/96 MP: 10/10
     9 | D        | Reached XP level 11. HP: 103/103 MP: 11/11
     9 | D        | Reached XP level 12. HP: 110/110 MP: 12/12
    10 | D        | Killed a bag of meat
    10 | D        | Reached * piety under Makhleb
    10 | D        | Reached skill level 10 in Throwing
    10 | D        | Reached XP level 13. HP: 122/122 MP: 13/13
    10 | D        | Killed a bag of meat
    10 | D        | Reached skill level 27 in Axes
    10 | D        | Reached XP level 14. HP: 133/133 MP: 14/14
    11 | D        | Noticed a bag of meat
    11 | D        | Killed a bag of meat
    11 | D        | Noticed a bag of meat
    12 | D        | Killed a meat berserker
    12 | D        | Reached ** piety under Makhleb
    12 | D        | Reached skill level 15 in Throwing
    12 | D        | Reached XP level 15. HP: 151/151 MP: 15/15
    12 | D        | Reached XP level 16. HP: 162/162 MP: 16/16
    13 | D        | Noticed a meat berserker
    14 | D        | Noticed a meat berserker
    14 | D        | Noticed a large bag of meat
    15 | D        | Noticed a meat berserker
    16 | D        | Noticed a meat berserker
    16 | D        | Noticed a meat berserker
    16 | D        | Killed a meat berserker
    16 | D        | Reached skill level 27 in Dodging
    16 | D        | Reached *** piety under Makhleb
    16 | D        | Reached XP level 17. HP: 183/183 MP: 17/17
    18 | D        | Noticed a meat berserker
    18 | D        | Reached skill level 27 in Fighting
    18 | D        | Reached **** piety under Makhleb
    18 | D        | Reached XP level 18. HP: 200/200 MP: 18/18
    20 | D        | Killed a large bag of meat
    20 | D        | Reached skill level 27 in Throwing
    20 | D        | Reached skill level 5 in Stealth
    20 | D        | Reached skill level 10 in Armour
    20 | D        | Reached skill level 10 in Unarmed Combat
    20 | D        | Reached XP level 19. HP: 207/207 MP: 18/29
    20 | D        | Reached ***** piety under Makhleb
    20 | D        | Reached skill level 10 in Stealth
    20 | D        | Reached skill level 10 in Spellcasting
    20 | D        | Reached skill level 15 in Invocations
    21 | D        | Noticed a destroyer
    21 | D        | Noticed a meat berserker
    21 | D        | Noticed a meat berserker
    21 | D        | Noticed a large bag of meat
    22 | D        | Killed a meat berserker
    22 | D        | Killed a meat berserker
    22 | D        | Reached XP level 20. HP: 216/216 MP: 18/37
    23 | D        | Noticed a meat berserker
    23 | D        | Noticed a meat berserker
    23 | D        | Killed a meat berserker
    23 | D        | Reached skill level 15 in Spellcasting
    23 | D        | Killed a meat berserker
    23 | D        | Reached XP level 21. HP: 224/224 MP: 18/42
    23 | D        | Killed a meat berserker
    23 | D        | Reached ****** piety under Makhleb
    23 | D        | Reached skill level 27 in Invocations
    24 | D        | Killed a destroyer
    24 | D        | Reached skill level 27 in Armour
    24 | D        | Reached XP level 22. HP: 233/233 MP: 18/45
    24 | D        | Reached skill level 27 in Unarmed Combat
    25 | D        | Noticed a destroyer
    25 | D        | Reached skill level 27 in Stealth
    25 | D        | Reached XP level 23. HP: 240/240 MP: 18/53
    25 | D        | Reached skill level 27 in Spellcasting
    27 | D        | Noticed a large bag of meat
    27 | D        | Noticed a large bag of meat
    27 | D        | Reached XP level 24. HP: 249/249 MP: 19/54
    27 | D        | Noticed a destroyer
    28 | D        | Noticed a destroyer
    28 | D        | Killed a destroyer
    29 | D        | Killed a large bag of meat
    29 | D        | Reached XP level 25. HP: 257/257 MP: 19/54
    31 | D        | Noticed a destroyer
    31 | D        | Reached XP level 26. HP: 266/266 MP: 20/54
    32 | D        | Noticed a large bag of meat
    32 | D        | Killed a destroyer
    33 | D        | Reached XP level 27. HP: 273/273 MP: 20/54
    34 | D        | Noticed a destroyer
    34 | D        | Noticed a destroyer
    35 | D        | Noticed a large bag of meat
    35 | D        | Killed a large bag of meat
    37 | D        | Killed a destroyer
    38 | D        | Noticed The Servant
    38 | D        | Killed a large bag of meat
    39 | D        | Killed a destroyer
    40 | D        | Killed a large bag of meat
    41 | D        | Noticed a destroyer
    43 | D        | Killed a destroyer
    45 | D        | Killed a large bag of meat
    47 | D        | Noticed a destroyer
    51 | D        | Noticed an accursed
    51 | D        | Noticed a destroyer
    52 | D        | HP: 13/273 [The Servant/+9 glaive of flaming (30)]
    53 | D        | Killed a destroyer
    53 | D        | Killed a destroyer
    54 | D        | Demolished by The Servant

Skill      XL: |  1  2  3  4  5  6  7  8  9 10 11 12 13 14 15 16 17 18 19 20 21 22 23 |
---------------+----------------------------------------------------------------------+-----
Fighting       | 11 13 14 18 19 24 27 | 27.0
Axes           | 22 25 27 | 27.0
Throwing       | 9 10 11 15 18 24 27 | 27.0
Dodging        | 15 17 19 23 24 27 | 27.0
Armour         | 10 18 22 27 | 27.0
Stealth        | 8 16 19 22 27 | 27.0
Unarmed Combat | 10 18 22 26 27 | 27.0
Spellcasting   | 7 13 17 19 26 27 | 27.0
Invocations    | 11 21 26 27 | 27.0

Action                   |  1- 3 |  4- 6 |  7- 9 | 10-12 | 13-15 | 16-18 | 19-21 | 22-24 | 25-27 || total
-------------------------+-------+-------+-------+-------+-------+-------+-------+-------+-------++-------
Melee: Executioner's axe |     1 |       |       |     1 |     2 |     4 |     3 |     5 |    25 ||    41
Dodge: Dodged            |       |       |       |     1 |       |     1 |       |       |       ||     2
